TOP OF THE 1ST |
Kane County Cougars batting - Pitching for Dayton Dragons : RHP Matt Johnson
|
Pitching: RHP Matt Johnson
|
|
Batting: LHB T.J. Duvall
|
0-0: Called Strike 0-1: Foul Ball, location: 2F 0-2: Ground out 4-3 (Groundball, 4M, EV 82.5 MPH)
|
Batting: RHB Marlon Reda
|
0-0: Ground out 5-3 (Groundball, 56, EV 79.4 MPH)
|
Batting: LHB Kevin Ferguson
|
0-0: Ball 1-0: Called Strike 1-1: Ball 2-1: Foul Ball, location: 2F 2-2: Foul Ball, location: 2F 2-2: Ball 3-2: Strikes out swinging
|
Top of the 1st over - 0 runs, 0 hits, 0 errors, 0 left on base; Kane County 0 - Dayton 0 |
BOTTOM OF THE 1ST |
Dayton Dragons batting - Pitching for Kane County Cougars : RHP Craig Goguen
|
Pitching: RHP Craig Goguen
|
|
Batting: LHB Fernando Gomez
|
0-0: Ball 1-0: Ball 2-0: Ball 3-0: Called Strike 3-1: Base on Balls
|
Batting: LHB Leo Gomez
|
0-0: Ball 1-0: Fielders Choice at 2nd, 4-6 (Groundball, 4, EV 93.8 MPH)
|
Batting: LHB David Moore
|
0-0: Ball Leo Gomez steals 2nd base 1-0: Ball 2-0: Called Strike 2-1: Foul Ball, location: 2F 2-2: Ground out U3 (Groundball, 3L, EV 103.1 MPH) Leo Gomez to third
|
Batting: LHB Matthew Berry
|
0-0: Foul Ball, location: 2F 0-1: Ball 1-1: Ball 2-1: Swinging Strike 2-2: DOUBLE (Line Drive, 3D, EV 102.5 MPH) Leo Gomez scores
|
Batting: LHB Brian Dickeson
|
0-0: Called Strike 0-1: Foul Ball, location: 2F 0-2: Foul Ball, location: 2F 0-2: Ball 1-2: Foul Ball, location: 2F 1-2: Ball 2-2: Foul Ball, location: 2F 2-2: Fly out, F7 (Flyball, 7LM, EV 83.1 MPH)
|
Bottom of the 1st over - 1 run, 1 hit, 0 errors, 1 left on base; Kane County 0 - Dayton 1 |
TOP OF THE 2ND |
Kane County Cougars batting - Pitching for Dayton Dragons : RHP Matt Johnson
|
Batting: RHB Chris Bittner
|
0-0: Ball 1-0: Foul Ball, location: 2F 1-1: Called Strike 1-2: Foul Ball, location: 2F 1-2: Fly out, F7 (Flyball, 7, EV 83.8 MPH)
|
Batting: LHB Rick Roemer
|
0-0: Called Strike 0-1: Ball 1-1: Fly out, F4 (Popup, 34, EV 61.2 MPH)
|
Batting: RHB Sergio Manzanero
|
0-0: Called Strike 0-1: SOLO HOME RUN (Flyball, 8RXD, EV 106.2 MPH), Distance : 412 ft
|
Batting: RHB Curt Barrett
|
0-0: Called Strike 0-1: Ball 1-1: Foul Ball, location: 2F 1-2: Foul Ball, location: 2F 1-2: SINGLE (Groundball, 6D, EV 93.8 MPH)
|
Batting: RHB Jake Hodge
|
0-0: Ball 1-0: Ball 2-0: Ball 3-0: Foul Ball, location: 2F 3-1: Base on Balls Curt Barrett to second
|
Batting: LHB Brian Nielsen
|
0-0: Foul Ball, location: 2F 0-1: Ball 1-1: Called Strike 1-2: Foul Ball, location: 2F 1-2: Foul Ball, location: 2F 1-2: Ball 2-2: Foul Ball, location: 2F 2-2: Ball 3-2: Ground out 4-3 (Groundball, 4, EV 81.9 MPH)
|
Top of the 2nd over - 1 run, 2 hits, 0 errors, 2 left on base; Kane County 1 - Dayton 1 |
BOTTOM OF THE 2ND |
Dayton Dragons batting - Pitching for Kane County Cougars : RHP Craig Goguen
|
Batting: SHB Bryan Johnston
|
0-0: Ball 1-0: Called Strike 1-1: Foul Ball, location: 2F 1-2: Ball 2-2: Reached on error, E4 (Popup, 4M, EV 62.5 MPH)
|
Batting: LHB Andrew Hamm
|
0-0: Ball Bryan Johnston is caught stealing 2nd base 2-6 1-0: Ball 2-0: Called Strike 2-1: Foul Ball, location: 2F 2-2: Ball 3-2: SINGLE (Line Drive, 78S, EV 108.1 MPH)
|
Batting: RHB Mark Williams
|
0-0: Ball 1-0: Fly out, F8 (Line Drive, 8RM, EV 91.2 MPH)
|
Batting: LHB Nick Nino
|
0-0: Swinging Strike 0-1: Swinging Strike 0-2: Ball 1-2: Strikes out looking
|
Bottom of the 2nd over - 0 runs, 1 hit, 1 error, 1 left on base; Kane County 1 - Dayton 1 |
TOP OF THE 3RD |
Kane County Cougars batting - Pitching for Dayton Dragons : RHP Matt Johnson
|
Batting: LHB T.J. Duvall
|
0-0: Ball 1-0: Swinging Strike 1-1: Ball 2-1: Ball 3-1: Called Strike 3-2: Ground out 6-3 (Groundball, 6, EV 78.8 MPH)
|
Batting: RHB Marlon Reda
|
0-0: Called Strike 0-1: Ball 1-1: Ball 2-1: Foul Ball, location: 2F 2-2: Foul Ball, location: 2F 2-2: Ball 3-2: Foul Ball, location: 2F 3-2: Foul Ball, location: 2F 3-2: Foul Ball, location: 2F 3-2: Ground out 6-3 (Groundball, 56, EV 96.9 MPH)
|
Batting: LHB Kevin Ferguson
|
0-0: Foul Ball, location: 2F 0-1: Ball 1-1: Swinging Strike 1-2: Ground out 5-3 (Groundball, 56S, EV 65.0 MPH)
|
Top of the 3rd over - 0 runs, 0 hits, 0 errors, 0 left on base; Kane County 1 - Dayton 1 |
BOTTOM OF THE 3RD |
Dayton Dragons batting - Pitching for Kane County Cougars : RHP Craig Goguen
|
Batting: LHB Fernando Gomez
|
0-0: Swinging Strike 0-1: Ball 1-1: Ball 2-1: Foul Ball, location: 2F 2-2: Ball 3-2: Foul Ball, location: 2F 3-2: Base on Balls
|
Batting: LHB Leo Gomez
|
0-0: Ball 1-0: TRIPLE (Flyball, 89XD, EV 102.5 MPH) Fernando Gomez scores
|
Batting: LHB David Moore
|
0-0: Ground out 5-3 (Groundball, 5, EV 102.5 MPH)
|
Batting: LHB Matthew Berry
|
0-0: Ball 1-0: Ball 2-0: Called Strike 2-1: Ball 3-1: Foul Ball, location: 2F 3-2: Ground out 4-3 (Groundball, 4D, EV 89.4 MPH) Leo Gomez scores
|
Batting: LHB Brian Dickeson
|
0-0: Foul Ball, location: 2F 0-1: Foul Ball, location: 2F 0-2: SINGLE (Groundball, 4MD, EV 101.9 MPH)
|
Batting: SHB Bryan Johnston
|
0-0: Called Strike 0-1: Ball 1-1: Ball 2-1: Ball 3-1: Swinging Strike 3-2: Fly out, F7 (Flyball, 7, EV 86.2 MPH)
|
Bottom of the 3rd over - 2 runs, 2 hits, 0 errors, 1 left on base; Kane County 1 - Dayton 3 |
TOP OF THE 4TH |
Kane County Cougars batting - Pitching for Dayton Dragons : RHP Matt Johnson
|
Batting: RHB Chris Bittner
|
0-0: Called Strike 0-1: Ball 1-1: Foul Ball, location: 2F 1-2: Strikes out swinging
|
Batting: LHB Rick Roemer
|
0-0: Ball 1-0: Ground out 4-3 (Groundball, 4S, EV 84.4 MPH)
|
Batting: RHB Sergio Manzanero
|
0-0: Called Strike 0-1: Fly out, F6 (Popup, 4MD, EV 63.8 MPH)
|
Top of the 4th over - 0 runs, 0 hits, 0 errors, 0 left on base; Kane County 1 - Dayton 3 |
BOTTOM OF THE 4TH |
Dayton Dragons batting - Pitching for Kane County Cougars : RHP Craig Goguen
|
Batting: LHB Andrew Hamm
|
0-0: Foul Ball, location: 2F 0-1: Foul Ball, location: 2F 0-2: Ball 1-2: Ground out 6-3 (Groundball, 6, EV 78.8 MPH)
|
Batting: RHB Mark Williams
|
0-0: Called Strike 0-1: Reached on error, E6 (Groundball, 56, EV 79.4 MPH)
|
Batting: LHB Nick Nino
|
0-0: Ball 1-0: DOUBLE (Line Drive, 3D, EV 102.5 MPH) Mark Williams scores
|
Batting: LHB Fernando Gomez
|
0-0: Ball 1-0: Ball Wild Pitch! Nick Nino to third 2-0: Ball 3-0: Called Strike 3-1: Base on Balls
|
Batting: LHB Leo Gomez
|
0-0: Ball Fernando Gomez is caught stealing 2nd base 2-6 1-0: Foul Ball, location: 2F 1-1: Fly out, F7 (Flyball, 7D, EV 90.6 MPH)
|
Bottom of the 4th over - 1 run, 1 hit, 1 error, 1 left on base; Kane County 1 - Dayton 4 |
TOP OF THE 5TH |
Kane County Cougars batting - Pitching for Dayton Dragons : RHP Matt Johnson
|
Batting: RHB Curt Barrett
|
0-0: Ball 1-0: Ball 2-0: Called Strike 2-1: Ground out 4-3 (Groundball, 4M, EV 101.2 MPH)
|
Batting: RHB Jake Hodge
|
0-0: SINGLE (Groundball, 56D, EV 110.6 MPH)
|
Batting: LHB Brian Nielsen
|
0-0: Foul Ball, location: 2F 0-1: Grounds into double play, 4-6-3 (Groundball, 4, EV 107.5 MPH)
|
Top of the 5th over - 0 runs, 1 hit, 0 errors, 0 left on base; Kane County 1 - Dayton 4 |
BOTTOM OF THE 5TH |
Dayton Dragons batting - Pitching for Kane County Cougars : RHP Craig Goguen
|
Batting: LHB David Moore
|
0-0: Called Strike 0-1: Ball 1-1: Ball 2-1: Ball 3-1: Foul Ball, location: 2F 3-2: Strikes out looking
|
Batting: LHB Matthew Berry
|
0-0: Ball 1-0: Ball 2-0: Ball 3-0: Called Strike 3-1: Base on Balls
|
Batting: LHB Brian Dickeson
|
0-0: Fly out, F8 (Flyball, 8LD, EV 94.4 MPH)
|
Batting: SHB Bryan Johnston
|
0-0: Swinging Strike 0-1: Ball 1-1: Ball 2-1: Swinging Strike 2-2: Strikes out swinging
|
Bottom of the 5th over - 0 runs, 0 hits, 0 errors, 1 left on base; Kane County 1 - Dayton 4 |
TOP OF THE 6TH |
Kane County Cougars batting - Pitching for Dayton Dragons : RHP Matt Johnson
|
Batting: LHB T.J. Duvall
|
0-0: Fly out, F7 (Flyball, 7D, EV 96.9 MPH)
|
Batting: RHB Marlon Reda
|
0-0: Swinging Strike 0-1: Called Strike 0-2: Ball 1-2: Foul Ball, location: 2F 1-2: Ball 2-2: Fly out, F7 (Flyball, 7S, EV 85.6 MPH)
|
Batting: LHB Kevin Ferguson
|
0-0: Called Strike 0-1: Foul Ball, location: 2F 0-2: Ground out 5-3 (Groundball, 56S, EV 69.4 MPH)
|
Top of the 6th over - 0 runs, 0 hits, 0 errors, 0 left on base; Kane County 1 - Dayton 4 |
BOTTOM OF THE 6TH |
Dayton Dragons batting - Pitching for Kane County Cougars : RHP Craig Goguen
|
Pitching: RHP Mike Stover
|
|
Batting: LHB Andrew Hamm
|
0-0: Called Strike 0-1: Ball 1-1: Swinging Strike 1-2: Foul Ball, location: 2F 1-2: Ball 2-2: Foul Ball, location: 2F 2-2: Foul Ball, location: 2F 2-2: Ball 3-2: Strikes out looking
|
Batting: RHB Mark Williams
|
0-0: Foul Ball, location: 2F 0-1: Ball 1-1: Ground out 4-3 (Groundball, 4, EV 100.0 MPH)
|
Batting: LHB Nick Nino
|
0-0: Ground out 4-3 (Groundball, 4, EV 105.0 MPH)
|
Bottom of the 6th over - 0 runs, 0 hits, 0 errors, 0 left on base; Kane County 1 - Dayton 4 |
TOP OF THE 7TH |
Kane County Cougars batting - Pitching for Dayton Dragons : RHP Matt Johnson
|
Batting: RHB Chris Bittner
|
0-0: Ball 1-0: Swinging Strike 1-1: Ball 2-1: Ball 3-1: Base on Balls
|
Batting: LHB Rick Roemer
|
0-0: Ball 1-0: Ball 2-0: Ball 3-0: Swinging Strike 3-1: Base on Balls Chris Bittner to second
|
Batting: RHB Sergio Manzanero
|
0-0: Ball 1-0: Foul Ball, location: 2F 1-1: Ball 2-1: SINGLE (Line Drive, 9LS, EV 109.4 MPH) Chris Bittner to third Rick Roemer to second Runner from 3rd tries for Home, SAFE, throw by RF to home
|
Batting: RHB Curt Barrett
|
0-0: Swinging Strike 0-1: Foul Ball, location: 2F 0-2: Strikes out looking
|
Pitching: RHP Justin Ambrose
|
|
Pinch Hitting: LHB Jeff Harmon
|
0-0: Ball 1-0: Swinging Strike 1-1: Foul Ball, location: 2F 1-2: Ball 2-2: Ball 3-2: Foul Ball, location: 2F 3-2: Foul Ball, location: 2F 3-2: Foul Ball, location: 2F 3-2: Fly out, F6 (Popup, 56, EV 71.2 MPH)
|
Batting: LHB Brian Nielsen
|
0-0: Called Strike 0-1: Ball 1-1: Foul Ball, location: 2F 1-2: Ball 2-2: Fielders Choice at 2nd, 5-4 (Groundball, 5, EV 85.0 MPH)
|
Top of the 7th over - 1 run, 1 hit, 0 errors, 2 left on base; Kane County 2 - Dayton 4 |
BOTTOM OF THE 7TH |
Dayton Dragons batting - Pitching for Kane County Cougars : RHP Mike Stover
|
Now in LF: Mike Persinger
|
|
Batting: LHB Fernando Gomez
|
0-0: Ball 1-0: Ball 2-0: Called Strike 2-1: Ball 3-1: Ground out 6-3 (Groundball, 6MS, EV 83.8 MPH)
|
Batting: LHB Leo Gomez
|
0-0: SINGLE (Groundball, 56, EV 103.8 MPH) (infield hit)
|
Pinch Runner at 1st John Galluzzo:
|
|
Batting: LHB David Moore
|
0-0: Called Strike 0-1: Fly out, F8 (Flyball, 8RS, EV 95.6 MPH)
|
Batting: LHB Matthew Berry
|
0-0: Ball 1-0: Called Strike John Galluzzo is caught stealing 2nd base 2-6
|
Bottom of the 7th over - 0 runs, 1 hit, 0 errors, 0 left on base; Kane County 2 - Dayton 4 |
TOP OF THE 8TH |
Kane County Cougars batting - Pitching for Dayton Dragons : RHP Justin Ambrose
|
Now at 1B: John Galluzzo
|
|
Now at 2B: Marcus Carter
|
|
Now in CF: Kevin Larsen
|
|
Batting: LHB T.J. Duvall
|
0-0: Called Strike 0-1: Foul Ball, location: 2F 0-2: Ground out 3-1 (Groundball, 34, EV 91.2 MPH)
|
Batting: RHB Marlon Reda
|
0-0: Ball 1-0: Ball 2-0: Swinging Strike 2-1: Called Strike 2-2: Ball 3-2: Foul Ball, location: 2F 3-2: Fly out, F8 (Flyball, 78D, EV 106.2 MPH)
|
Batting: LHB Kevin Ferguson
|
0-0: Called Strike 0-1: Ball 1-1: Ball 2-1: Swinging Strike 2-2: Ball 3-2: Strikes out swinging
|
Top of the 8th over - 0 runs, 0 hits, 0 errors, 0 left on base; Kane County 2 - Dayton 4 |
BOTTOM OF THE 8TH |
Dayton Dragons batting - Pitching for Kane County Cougars : RHP Mike Stover
|
Pitching: LHP Brayden Conway
|
|
Batting: LHB Matthew Berry
|
0-0: Called Strike 0-1: Foul Ball, location: 2F 0-2: Ball 1-2: Ball 2-2: Ground out 1-3 (Groundball, P, EV 65.6 MPH)
|
Batting: LHB Brian Dickeson
|
0-0: Foul Ball, location: 2F 0-1: Foul Ball, location: 2F 0-2: Foul Ball, location: 2F 0-2: Strikes out swinging
|
Pitching: RHP Nate Bixler
|
|
Batting: SHB Bryan Johnston
|
0-0: Called Strike 0-1: Ball 1-1: Reached on error, E5 (Groundball, 56, EV 83.1 MPH)
|
Batting: RHB Kevin Larsen
|
0-0: Ground out 4-3 (Groundball, 4, EV 90.6 MPH)
|
Bottom of the 8th over - 0 runs, 0 hits, 1 error, 1 left on base; Kane County 2 - Dayton 4 |
TOP OF THE 9TH |
Kane County Cougars batting - Pitching for Dayton Dragons : RHP Justin Ambrose
|
Pitching: RHP Giovonni Morgia
|
|
Batting: RHB Chris Bittner
|
0-0: Ball 1-0: Foul Ball, location: 2F 1-1: Ground out 6-3 (Groundball, 6M, EV 100.0 MPH)
|
Batting: LHB Rick Roemer
|
0-0: Ball 1-0: Ball 2-0: Swinging Strike 2-1: Ground out U3 (Groundball, 3, EV 88.8 MPH)
|
Batting: RHB Sergio Manzanero
|
0-0: Ball 1-0: Swinging Strike 1-1: Foul Ball, location: 2F 1-2: Ball 2-2: Strikes out swinging
|
Top of the 9th over - 0 runs, 0 hits, 0 errors, 0 left on base; Kane County 2 - Dayton 4 |
|